 Dungeon Crawl Stone Soup version 0.22-a0-815-gb582571 (webtiles) character file.

60 iamserjio the Chiller (level 4, 0/30 HPs)
             Began as a Barachi Ice Elementalist on July 23, 2018.
             Succumbed to kobold's curare-tipped needle
             ... in a sewer.
             The game lasted 00:05:47 (756 turns).

iamserjio the Chiller (Barachi Ice Elementalist)     Turns: 756, Time: 00:05:47

Health: 0/30       AC:  3    Str: 10    XL:     4   Next: 4%
Magic:  4/7        EV: 12    Int: 16    God:
Gold:   68         SH:  0    Dex: 12    Spells: 2/7 levels left

rFire    . . .     SeeInvis .   o - +0 quarterstaff
rCold    . . .     Gourm    .   (shield currently unavailable)
rNeg     . . .     Faith    .   a - +0 robe
rPois    .         Spirit   .   (no helmet)
rElec    .         Reflect  .   n - +0 cloak (curse)
rCorr    .         Harm     .   (no gloves)
MR       .....                  (no boots)
Stlth    ++........             (no amulet)
HPRegen  0.10/turn              (no ring)
MPRegen  0.10/turn              (no ring)

@: lethally poisoned (0 -> -13), hasted and slowed, slow
A: +LOS, swims, slowness 1, strong legs 1
a: Hop


You were in a sewer.
You were hungry.

You visited 1 branch of the dungeon, and saw 3 of its levels.
You also visited: Sewer.

You collected 68 gold pieces.

Inventory:

Hand Weapons
 g - a +0 club
 j - a +0 whip
 o - a +0 quarterstaff (weapon)
Armour
 a - a +0 robe (worn)
 f - a +0 shield
 n - a cursed +0 cloak (worn)
Scrolls
 b - a scroll of remove curse {unknown}
 d - 3 scrolls of teleportation {unknown}
 i - a scroll of enchant armour {unknown}
Potions
 e - 2 potions of haste
 h - 2 potions of brilliance {unknown}
 k - 2 potions of curing {unknown}
 l - a potion of agility {unknown}
Comestibles
 c - 4 rations
 m - 5 chunks of flesh


   Skills:
 - Level 2.1 Dodging
 - Level 1.7 Stealth
 + Level 2.2 Spellcasting
   Level 1.1 Conjurations
 * Level 0.1 Summonings
 + Level 5.8 Ice Magic


You had 2 spell levels left.
You knew the following spells:

 Your Spells              Type           Power        Failure   Level  Hunger
a - Freeze                Ice            ###.         1%          1    #......
b - Summon Ice Beast      Ice/Summ       ##......     52%         4    #####..

Your spell library contained the following spells:

 Spells                   Type           Power        Failure   Level  Hunger
 Throw Frost              Conj/Ice       ##....       8%          2    ###....
 Ozocubu's Armour         Chrm/Ice       ##......     19%         3    ###....
 Throw Icicle             Conj/Ice       ##......     43%         4    #####..


Dungeon Overview and Level Annotations

Branches:
Dungeon (3/15)

Altars:


Innate Abilities, Weirdness & Mutations

Shadows flee at your approach. (+LOS)
You can swim through water.
You cover ground slowly.
You can hop short distances.


Message History

The kobold shoots a curare-tipped needle.
The curare-tipped needle closely misses you.
The kobold shoots a curare-tipped needle.
The curare-tipped needle barely misses you.
* * * LOW HITPOINT WARNING * * *
You feel sick.
The kobold unwields an uncursed blowgun.
The kobold closely misses you.
Casting: Freeze (safe; 1% risk of failure)
Confirm with . or Enter, or press ? or * to list all spells.
Aiming: Freeze (safe; 1% risk of failure)
Press: ? - help, Shift-Dir - straight line, f - kobold
Aim: a kobold You freeze the kobold.
The kobold is heavily wounded.
* * * LOW HITPOINT WARNING * * *
You feel sick. The kobold closely misses you. The kobold hits you.
* * * LOW HITPOINT WARNING * * *
It was a potion of haste.
You feel yourself speed up.
You die...

#...(≈≈≈≈≈≈≈≈
#...(≈≈≈≈≈≈≈≈
##...≈≈≈≈≈≈≈≈
#...≈≈≈≈≈≈≈≈
#...≈≈≈≈≈≈≈≈
##...≈≈≈≈≈≈≈
###'###≈≈≈≈
#..(..#≈≈≈≈
#.)@..# ≈≈≈
##.K.## ≈≈
#.....#
#!.#.[# ###
### ≈≈≈ ≈≈≈
≈≈≈≈ ≈≈≈≈
##### #####


You could see a kobold.

Vanquished Creatures
  An ooze (D:1)
  2 leopard geckos
  An orc (D:3)
  6 bats
  4 giant cockroaches
  2 goblins (D:1)
  6 hobgoblins
  3 jackals (D:3)
  A frilled lizard (D:1)
  9 kobolds
  15 rats
50 creatures vanquished.

Notes
Turn   | Place    | Note
-------+----------+-------------------------------------------
     0 | D:1      | iamserjio the Barachi Ice Elementalist began the quest for the Orb.
     0 | D:1      | Reached XP level 1. HP: 13/13 MP: 3/3
    32 | D:1      | Reached skill level 4 in Ice Magic
    49 | D:1      | Reached XP level 2. HP: 1/19 MP: 0/5
   228 | D:1      | Reached skill level 5 in Ice Magic
   228 | D:1      | Reached XP level 3. HP: 20/24 MP: 0/6
   636 | D:3      | Found a glowing drain.
   640 | Sewer    | Entered a sewer
   732 | Sewer    | Reached XP level 4. HP: 18/30 MP: 7/7
   749 | Sewer    | Learned a level 4 spell: Summon Ice Beast
   756 | Sewer    | Succumbed to kobold's curare-tipped needle

Vault maps used:
D:1:      lightli_arrival_maybe_door_vault, minmay_distorted
D:2:      serial_curves, eino_curves_01, eino_curves_01, roderic_serpentine_path
D:3:      gup_sewer_entry_bowl, hangedman_glass_garden
Sewer:    sewer_minmay_treatment

Skill      XL: |  1  2 |
---------------+-------+-----
Ice Magic      | 4 5 |  5.8
Dodging        | |  2.1
Stealth        | |  1.7
Spellcasting   | |  2.2
Conjurations   | |  1.1
Summonings     | |  0.1

Action                   |  1- 3 |  4- 6 || total
-------------------------+-------+-------++-------
Melee: Unarmed           |    21 |       ||    21
       Club              |    21 |       ||    21
       Quarterstaff      |     6 |       ||     6
 Cast: Freeze            |    49 |     4 ||    53
  Use: Potion            |     1 |     1 ||     2
 Stab: Sleeping          |     1 |       ||     1
Armor: Robe              |    26 |     2 ||    28
Dodge: Dodged            |    67 |     7 ||    74

Table legend:
 A = Spawn XP
 B = Non-spawn XP
 C = Spawn XP percentage of total XP
 D = Spawn monster count
 E = Non-spawn monster count
 F = Spawn count percentage of total count
 G = Total turns spent on level
                    A         B        C        D         E        F      G
               +---------+---------+-------+---------+---------+-------+---------
         Total |       0 |      86 |   0.0 |       0 |      50 |   0.0 |   756
               +---------+---------+-------+---------+---------+-------+---------
           D:1 |       0 |      46 |   0.0 |       0 |      24 |   0.0 |   324
           D:2 |       0 |       6 |   0.0 |       0 |       4 |   0.0 |   243
           D:3 |       0 |      18 |   0.0 |       0 |       9 |   0.0 |    73
         Sewer |       0 |      16 |   0.0 |       0 |      13 |   0.0 |   116
               +---------+---------+-------+---------+---------+-------+---------
